AoeStats
← Enishi

Migration

508674323Analyzed
1v1 RM · 9d ago on Sep 23, 2026· 49m 11s· 2 players
Game mode
Random Map
Map size
132×132
Population
200
Speed
Normal
Resources
Standard
Victory
Conquest
Starting age
Dark Age
Ending age
Imperial Age
RankedLock teamsTeams togetherTeam positionsShared explorationLock speedFull tech treeHidden civsTurbo modeCheats
Victory
Defeat
🇦🇷 Dravidians · Argentina
848
+17
🇫🇷 Burgundians · France
875
-17
Enishi
3:58 Loom
15:14 Feudal Age
16:06 Double-Bit Axe
17:12 Fishing Lines
21:06 Castle Age
21:20 Forging
21:17 Scale Barding Armor
22:06 Bow Saw
21:50 Man-at-Arms
23:55 Iron Casting
23:13 Fletching
23:38 Pikeman
25:33 Gold Mining
25:48 Scale Mail Armor
26:40 Gillnets
29:33 Wheelbarrow
28:45 Town Watch
29:39 Squires
32:23 Chain Mail Armor
32:28 Chain Barding Armor
32:42 Town Patrol
33:11 Bodkin Arrow
33:33 Hand Cart
36:13 Imperial Age
34:01 Hand Cart
34:24 Crossbowman
35:10 Thumb Ring
35:14 Husbandry
35:52 Padded Archer Armor
37:58 Elite Urumi Swordsman
39:15 Hoardings
39:00 Conscription
40:38 Chemistry
39:36 Murder Holes
39:32 Arbalester
41:38 Ballistics
41:02 Siege Elephant
43:00 Stone Mining
44:15 Plate Mail Armor
44:08 Bracer
45:10 Blast Furnace
46:19 Masonry
46:35 Wootz Steel
46:23 Medical Corps
46:27 Arson
48:49 Bracer
49:04 Leather Archer Armor
49:54 Two-Man Saw
Gjoerok
4:56 Double-Bit Axe
7:24 Loom
13:05 Feudal Age
15:48 Bow Saw
18:43 Castle Age
17:29 Fishing Lines
18:09 Gold Mining
18:13 Stone Mining
18:07 Horse Collar
19:53 Gold Shaft Mining
19:55 Stone Shaft Mining
19:23 Heavy Plow
19:18 Gillnets
20:39 Town Watch
21:30 Wheelbarrow
21:30 Crop Rotation
22:14 Two-Man Saw
25:09 Hand Cart
24:56 Town Patrol
27:31 Fletching
29:40 Pikeman
32:15 Bodkin Arrow
32:27 Scale Barding Armor
32:32 Forging
36:46 Imperial Age
34:45 Ballistics
34:21 Murder Holes
36:39 Medium Warships
37:11 Iron Casting
36:57 Chain Barding Armor
39:13 Chemistry
37:49 Halberdier
39:30 Cavalier
Connection lost

Rejoining the realm…

Still unreachable

The connection could not be restored.

Session expired

The server has moved on; the page needs a fresh start.